 Dungeon Crawl Stone Soup version 0.25-a0-478-g33c61bd (webtiles) character file.

Game seed: 15427372477337987289, levelgen mode: deterministic

891 Coldstonesans the Conjurer (level 8, -28/52 HPs)
             Began as an Octopode Conjurer on Feb 9, 2020.
             Was a Follower of Sif Muna.
             Killed from afar by a howler monkey (54 damage)
             ... with an exploding inner flame
             ... hexed by the player character
             ... on level 6 of the Dungeon.
             The game lasted 00:08:11 (4833 turns).

Coldstonesans the Conjurer (Octopode Conjurer)      Turns: 4833, Time: 00:08:11

Health: -28/52     AC:  1    Str:  7    XL:     8   Next: 6%
Magic:  7/13       EV: 15    Int: 19    God:    Sif Muna [*.....]
Gold:   257        SH:  0    Dex: 13    Spells: 7/14 levels left

rFire    . . .     SeeInvis .   s - +0 trident (vorpal)
rCold    . . .     Gourm    .   (no shield)
rNeg     . . .     Faith    .   (helmet restricted)
rPois    .         Spirit   .   (no amulet)
rElec    .         Reflect  .   (no ring)
rCorr    .         Harm     .   (no ring)
MR       .....                  (no ring)
Stlth    ++++......             (no ring)
HPRegen  0.17/turn              (no ring)
MPRegen  0.13/turn              (no ring)
                                (no ring)
                                (no ring)

@: no status effects
A: almost no armour, stealthy swim, amphibious, 8 rings, constrict 8, camouflage
1, gelatinous body 1
a: Channel Magic, Renounce Religion


You were on level 6 of the Dungeon.
You worshipped Sif Muna.
Sif Muna was aware of your devotion.
You were not hungry.

You visited 1 branch of the dungeon, and saw 8 of its levels.

You collected 257 gold pieces.

Inventory:

Hand Weapons
 c - a +0 spear
 n - a +0 broad axe
 s - a +0 vorpal trident (weapon)
Missiles
 t - 2 silver boomerangs (quivered)
Armour
 g - a +3 buckler
Jewellery
 u - a +6 ring of intelligence {unknown}
Wands
 m - a wand of digging (3)
Scrolls
 f - 3 scrolls of enchant weapon
 h - 4 scrolls of remove curse
 i - 3 scrolls of identify
 j - a scroll of fog {unknown}
 l - a scroll of teleportation {unknown}
 o - a scroll of magic mapping
 q - a scroll of enchant armour
 r - a scroll of amnesia
Potions
 a - 3 potions of agility {unknown}
 d - a potion of mutation {unknown}
 k - a potion of degeneration {unknown}
 p - a potion of berserk rage {unknown}
Comestibles
 b - 5 rations
 v - 2 chunks of flesh


   Skills:
 + Level 3.2 Fighting
 + Level 3.9 Dodging
 + Level 5.6 Stealth
 + Level 3.8 Spellcasting
 * Level 6.6 Conjurations


You had 7 spell levels left.
You knew the following spells:

 Your Spells              Type           Power        Failure   Level  Hunger
a - Magic Dart            Conj           ####         1%          1    None
b - Searing Ray           Conj           ####..       1%          2    ##.....
c - Iskenderun's Mystic   Conj/Tloc      ###.....     34%         4    ####...

Your spell library contained the following spells:

 Spells                   Type           Power        Failure   Level  Hunger
 Foxfire                  Conj/Fire      ###.         3%          1    None
 Dazzling Flash           Conj/Hex       ###...       11%         3    ###....
 Fulminant Prism          Conj/Hex       ###.......   34%         4    ####...
 Confusing Touch          Hex            #.......     38%         3    ###....
 Gell's Gravitas          Tloc           #.........   38%         3    ###....
 Petrify                  Tmut/Erth      #.......     80%         4    ####...
 Metabolic Englaciation   Hex/Ice        #.........   98%         5    ######.
 Yara's Violent Unravell  Hex/Tmut       #.........   98%         5    ######.


Dungeon Overview and Level Annotations

Branches:
Dungeon (8/15)             Temple (0/1) D:6
   Lair: D:8-11

Altars:
Sif Muna

Annotations:
D:6 Menkaure


Innate Abilities, Weirdness & Mutations

You cannot wear most types of armour.
You are very stealthy in the water. (Stealth+)
You are amphibious.
You can wear up to eight rings at the same time.
You can use your tentacles to constrict eight enemies at once.
Your skin changes colour to match your surroundings (Stealth+).
Your rubbery body absorbs attacks. (AC +1, EV +1)


Message History

It is a scroll of amnesia.
Really abort (and waste the scroll)?
Okay, then.
The howler monkey closely misses you.
As you read the scroll labeled OWITUG RILEOSU, it crumbles to dust.
It is a scroll of enchant armour.
Your glowing buckler glows green for a moment.
The howler monkey closely misses you.
As you read the scroll labeled YRRUDU WUEROU, it crumbles to dust.
The creatures around you are filled with an inner flame!
It was a scroll of immolation.
The howler monkey closely misses you.
As you read the scroll labeled YMO FESHUNTAOWK, it crumbles to dust.
Your body is wracked with pain!
The howler monkey convulses!
Flame seeps out of the howler monkey.
It was a scroll of torment.
The howler monkey is engulfed in blazing flames.
The howler monkey explodes!
The fiery explosion engulfs the crimson imp.
The crimson imp completely resists.
The fiery explosion engulfs you!!!
Ouch! That really hurt!
You die...

,,,,*,,,,>....M.........,,,,,,,,,
,,,,*,,,,...............,,,,,,,,,
,,,,*,,,,...............,,,,,,,,,
,,,,*,,,,.>.............,,,,,,,,,
,,,,*,,,,,,..........≈,,,,,,,,,,,
,,,,*,,,,,,,,.......#*≈≈≈≈≈**,,,,
,,,,+,,,,,*+**#.....##≈≈≈≈≈**≈,,,
*****,,,,,*,,,#.....≈≈..,,,≈≈,,,,
,,,,,,,,,,*,,,#§@§..≈≈..,,,≈≈,,,,
,,,,,,,,,,*,,,#§○5......∩,,≈≈,,,,
,,,,,,,,,,*,,,+§§§.(≈≈..,,,≈≈,,,,
,,,,,,,,,,*,,,#.....≈≈..,,,≈≈,,,,
,,,,,,,,,,*,,,#?..†.##≈≈,≈≈**,,,,
,,,,,,,,,,**,,#.....#*≈≈,≈≈**,,,,
************,,##.....≈,,,,,,,,,,,
,,,,,,,,,,*,,,,#.....+,,,,,*,,,,,
,,,,,,,,,,*,,,,*,,,,,*,,,,,******


You could see a crimson imp (inner flame).

Vanquished Creatures
  An ogre (D:4)
  A bullfrog (D:5)
  2 scorpions (D:4)
  A howler monkey (D:5)
  A crimson imp (D:5)
  A hound (D:5)
  A jelly (D:8)
  4 orc wizards
  2 bullfrog skeletons
  3 iguanas (D:5)
  2 worker ants
  10 adders
  4 gnolls
  A river rat (D:6)
  An adder zombie (D:3)
  3 worms
  A dart slug (D:3)
  4 leopard geckos
  13 orcs
  3 giant cockroaches
  7 goblins
  6 hobgoblins
  2 jackals (D:1)
  3 quokkas
  A ball python (D:6)
  6 bats
  7 frilled lizards
  A jackal skeleton (D:4)
  5 kobolds
  A rat (D:1)
98 creatures vanquished.

Notes
Turn   | Place    | Note
-------+----------+-------------------------------------------
     0 | D:1      | Coldstonesans the Octopode Conjurer began the quest for the
                  | Orb.
     0 | D:1      | Reached XP level 1. HP: 11/11 MP: 3/3
    39 | D:1      | Reached XP level 2. HP: 7/17 MP: 5/5
   803 | D:1      | Reached XP level 3. HP: 21/21 MP: 6/6
  1200 | D:2      | Reached XP level 4. HP: 18/27 MP: 1/7
  1499 | D:2      | Reached skill level 1 in Fighting
  2008 | D:3      | Found a shimmering blue altar of Sif Muna.
  2019 | D:3      | Reached skill level 5 in Conjurations
  2019 | D:3      | Reached XP level 5. HP: 22/33 MP: 2/8
  2210 | D:3      | Became a worshipper of Sif Muna the Loreminder
  2272 | D:3      | Identified Sif Muna's Tome of Fire
  2444 | D:3      | Learned a level 2 spell: Searing Ray
  2449 | D:3      | Learned a level 4 spell: Iskenderun's Mystic Blast
  2941 | D:3      | Reached XP level 6. HP: 39/39 MP: 10/10
  3508 | D:4      | Reached * piety under Sif Muna
  3653 | D:4      | Reached XP level 7. HP: 40/45 MP: 11/11
  3673 | D:4      | Reached skill level 6 in Conjurations
  4247 | D:5      | Entered Level 5 of the Dungeon
  4258 | D:4      | Reached skill level 5 in Stealth
  4751 | D:5      | You fall into a shaft and drop 3 floors!
  4755 | D:8      | Reached XP level 8. HP: 51/52 MP: 10/13
  4825 | D:6      | Noticed Menkaure
  4833 | D:6      | Killed from afar by a howler monkey

Levels and vault maps discovered:
D:1:      psy_arrival_radial02, layout_loops_corners
D:2:      minmay_chambers_of_twos, layout_loops_ring, serial_bayou,
          serial_bayou_pond_a, serial_bayou_pond_e, serial_bayou_ford_a,
          serial_bayou_pond_c
D:3:      layout_loops_ring, led_sif_book
D:4:      layout_loops_ring, first_ration, minmay_misc_feat_x,
          kennysheep_generic_room_8
D:5:      layout_rooms, lightli_ossuary_entry_decrepit_ruins
D:6:      layout_gridville, minmay_temple_entry_hall,
          cheibrodos_sewer_entry_sluice, basic_altar, serial_shops,
          nicolae_shop_behind_doors, nemelex_dance_club_becter, uniq_menkaure,
          uniq_sigmund, uniq_maggie, uniq_pikel
D:7:      layout_basic, gammafunk_temple_overflow_wave, lemuel_crystal_altar,
          kennysheep_ying_yang, uniq_harold
D:8:      layout_basic, serial_shops, shop

Skill      XL: |  1  2  3  4  5  6  7 |
---------------+----------------------+-----
Stealth        | 3 4 5 |  5.6
Fighting       | 1 2 3 |  3.2
Conjurations   | 5 6 |  6.6
Spellcasting   | 3 |  3.8
Dodging        | 3 |  3.9

Action                   |  1- 3 |  4- 6 |  7- 9 || total
-------------------------+-------+-------+-------++-------
Melee: Unarmed           |     5 |       |       ||     5
       Tentacles         |     7 |    15 |     7 ||    29
       Constrict         |     9 |    19 |    11 ||    39
       Spear             |    27 |    81 |       ||   108
       Trident           |       |     7 |    46 ||    53
 Cast: Magic Dart        |    18 |    60 |    35 ||   113
       Searing Ray       |       |     6 |     6 ||    12
  Use: Scroll            |     1 |       |     7 ||     8
 Stab: Sleeping          |     6 |     7 |     3 ||    16
  Eat: Chunk             |       |     8 |     5 ||    13
Armor: Skin              |       |    10 |       ||    10
Dodge: Dodged            |    13 |    51 |    36 ||   100

Table legend:
 A = Non-vault XP
 B = Vault XP
 C = Vault XP percentage of total XP
 D = Non-vault monster count
 E = Vault monster count
 F = Vault count percentage of total count
                 A         B        C        D         E       F
            +---------+---------+-------+---------+---------+-------
      Total |    1150 |     124 |   9.7 |      86 |      12 |  12.2
            +---------+---------+-------+---------+---------+-------
        D:1 |      41 |       0 |   0.0 |      18 |       0 |   0.0
        D:2 |      67 |      28 |  29.5 |      11 |       8 |  42.1
        D:3 |     127 |      82 |  39.2 |      20 |       2 |   9.1
        D:4 |     479 |       0 |   0.0 |      25 |       0 |   0.0
        D:5 |     352 |       0 |   0.0 |      10 |       0 |   0.0
        D:6 |       0 |      14 | 100.0 |       0 |       2 | 100.0
        D:7 |      41 |       0 |   0.0 |       1 |       0 |   0.0
        D:8 |      43 |       0 |   0.0 |       1 |       0 |   0.0
            +---------+---------+-------+---------+---------+-------
